[ AOE2 MATCH · #480467512 ]
UnrankedEthiopians vs Britons
[ REPLAY ANALYSIS · EXTRACTED FROM THE RECORDED GAME ]
Feudal
—
Castle
—
Imperial
—
| APM avg | 64.6 |
| APM peak | 273 |
| eAPM avg | 59.5 |
| Villagers / military | 148 / 3539 |
Focus
⚔️ 86.5% · 🌾 13.5%
Shotel Warrior ×2111 · Camel Scout ×808 · Cavalry Archer ×371 · Knight ×159 · Trade Cart ×107 · Bombard Cannon ×51
Feudal
—
Castle
—
Imperial
—
| APM avg | 13.3 |
| APM peak | 47 |
| eAPM avg | 12.7 |
| Villagers / military | 120 / 2162 |
Focus
⚔️ 56.0% · 🌾 44.0%
Spearman ×1061 · Longbowman ×567 · Knight ×441 · Trade Cart ×170 · Mangonel ×60 · Trebuchet (Packed) ×31
Feudal
—
Castle
—
Imperial
—
| APM avg | 31.1 |
| APM peak | 151 |
| eAPM avg | 29.7 |
| Villagers / military | 499 / 2505 |
Focus
⚔️ 46.8% · 🌾 53.2%
War Elephant ×714 · Scorpion ×466 · Camel Scout ×390 · Battering Ram ×325 · Knight ×285 · Mangonel ×166
Feudal
—
Castle
—
Imperial
—
| APM avg | 15.4 |
| APM peak | 69 |
| eAPM avg | 14.8 |
| Villagers / military | 500 / 2106 |
Focus
⚔️ 64.2% · 🌾 35.8%
Mameluke ×699 · Spearman ×606 · Scorpion ×461 · Skirmisher ×340 · Trade Cart ×70
Feudal
—
Castle
—
Imperial
—
| APM avg | 64.5 |
| APM peak | 136 |
| eAPM avg | 48.5 |
| Villagers / military | 136 / 1760 |
Focus
⚔️ 65.3% · 🌾 34.7%
War Elephant ×1397 · Scout Cavalry ×154 · Camel Scout ×77 · Trade Cart ×69 · Knight ×61 · Trebuchet (Packed) ×32
Feudal
—
Castle
—
Imperial
—
| APM avg | 31.9 |
| APM peak | 96 |
| eAPM avg | 24.7 |
| Villagers / military | 187 / 4749 |
Focus
⚔️ 76.5% · 🌾 23.5%
Huskarl ×3566 · Spearman ×552 · Petard ×368 · Bombard Cannon ×95 · Battering Ram ×75 · Trade Cart ×55
Feudal
—
Castle
—
Imperial
—
| APM avg | 34.9 |
| APM peak | 156 |
| eAPM avg | 33.9 |
| Villagers / military | 226 / 1651 |
Focus
⚔️ 67.0% · 🌾 33.0%
Genoese Crossbowman ×1248 · Hand Cannoneer ×344 · Trade Cart ×76 · Bombard Cannon ×54 · Trebuchet (Packed) ×5
Feudal
—
Castle
—
Imperial
—
| APM avg | 32.6 |
| APM peak | 113 |
| eAPM avg | 29.5 |
| Villagers / military | 379 / 1951 |
Focus
⚔️ 56.3% · 🌾 43.7%
Woad Raider ×819 · Scorpion ×740 · Spearman ×247 · Trade Cart ×186 · Battering Ram ×69 · Militia ×55
Match map
Initial resources + every placement click. Lines = walls · curves = elevation contours. ◆ gold · ⬟ stone · ● berries · ✦ relic · ◌ wall gap
Your base· ✓ Map-separated
Poseidon's base· ✓ Map-separated
Thor's base· ✓ Map-separated
MastermindCentaur's base· ✓ Map-separated
ZZ|Gabriel's base· ✓ Map-separated
soldierofataturk's base· ✓ Map-separated
StrongestPhonker's base· ✓ Map-separated
f0ckin lili's base· ✓ Map-separated
Smoothed initial terrain · ◌ = detected wall gap · hover for details
Inputs per minute
— Layman - - Poseidon
Build order — Layman
First 150 of 4090 actions detected
| 0:09 | Create | Villager (Male) |
| 0:10 | Create | Villager (Male) |
| 0:10 | Create | Villager (Male) |
| 0:10 | Create | Villager (Male) |
| 0:10 | Create | Villager (Male) |
| 0:10 | Create | Villager (Male) |
| 0:11 | Create | Villager (Male) |
| 0:11 | Create | Villager (Male) |
| 0:11 | Create | Villager (Male) |
| 0:11 | Create | Villager (Male) |
| 0:11 | Create | Villager (Male) |
| 0:11 | Create | Villager (Male) |
| 0:12 | Create | Villager (Male) |
| 0:12 | Create | Villager (Male) |
| 0:12 | Create | Villager (Male) |
| 0:12 | Create | Villager (Male) |
| 0:13 | Create | Villager (Male) |
| 0:13 | Create | Villager (Male) |
| 0:13 | Create | Villager (Male) |
| 0:13 | Create | Villager (Male) |
| 0:24 | Build | House |
| 0:26 | Build | House |
| 0:28 | Build | House |
| 0:29 | Build | House |
| 0:32 | Build | House |
| 0:51 | Build | Market |
| 0:54 | Build | Market |
| 0:57 | Build | Market |
| 1:05 | Build | Market |
| 1:16 | Build | House |
| 1:19 | Build | House |
| 1:21 | Build | House |
| 1:22 | Build | House |
| 1:26 | Build | House |
| 1:29 | Build | House |
| 1:31 | Build | House |
| 1:32 | Build | House |
| 1:34 | Build | House |
| 1:37 | Build | House |
| 1:40 | Build | House |
| 1:41 | Build | House |
| 1:44 | Build | House |
| 1:46 | Build | House |
| 1:48 | Build | House |
| 1:50 | Build | House |
| 1:52 | Build | House |
| 2:09 | Build | Town Center |
| 2:19 | Build | Town Center |
| 2:28 | Build | Town Center |
| 2:36 | Build | Town Center |
| 2:47 | Build | Town Center |
| 2:59 | Build | Town Center |
| 3:11 | Build | Town Center |
| 3:39 | Build | Castle |
| 3:41 | Build | Castle |
| 3:45 | Build | Castle |
| 3:49 | Build | Stone Wall |
| 3:52 | Build | Stone Wall |
| 3:54 | Build | Stone Wall |
| 3:57 | Build | Stone Wall |
| 4:02 | Build | Gate |
| 4:04 | Build | Gate |
| 4:05 | Build | Gate |
| 4:06 | Build | Gate |
| 4:50 | Create | Villager (Male) |
| 4:50 | Create | Villager (Male) |
| 4:50 | Create | Villager (Male) |
| 4:50 | Create | Villager (Male) |
| 4:51 | Create | Villager (Male) |
| 4:51 | Create | Villager (Male) |
| 4:51 | Create | Villager (Male) |
| 4:51 | Create | Villager (Male) |
| 4:51 | Create | Villager (Male) |
| 4:52 | Create | Villager (Male) |
| 4:52 | Create | Villager (Male) |
| 4:52 | Create | Villager (Male) |
| 4:52 | Create | Villager (Male) |
| 4:52 | Create | Villager (Male) |
| 4:53 | Create | Villager (Male) |
| 4:53 | Create | Villager (Male) |
| 4:53 | Create | Villager (Male) |
| 4:53 | Create | Villager (Male) |
| 4:53 | Create | Villager (Male) |
| 4:53 | Create | Villager (Male) |
| 4:54 | Create | Villager (Male) |
| 4:54 | Create | Villager (Male) |
| 4:54 | Create | Villager (Male) |
| 4:54 | Create | Villager (Male) |
| 4:54 | Create | Villager (Male) |
| 4:55 | Create | Villager (Male) |
| 4:55 | Create | Villager (Male) |
| 4:55 | Create | Villager (Male) |
| 4:55 | Create | Villager (Male) |
| 4:56 | Create | Villager (Male) |
| 4:56 | Create | Villager (Male) |
| 4:56 | Create | Villager (Male) |
| 4:56 | Create | Villager (Male) |
| 4:56 | Create | Villager (Male) |
| 4:56 | Create | Villager (Male) |
| 4:57 | Create | Villager (Male) |
| 4:57 | Create | Villager (Male) |
| 4:57 | Create | Villager (Male) |
| 4:57 | Create | Villager (Male) |
| 4:57 | Create | Villager (Male) |
| 4:58 | Create | Villager (Male) |
| 4:58 | Create | Villager (Male) |
| 4:58 | Create | Villager (Male) |
| 4:58 | Create | Villager (Male) |
| 4:58 | Create | Villager (Male) |
| 4:59 | Create | Villager (Male) |
| 4:59 | Create | Villager (Male) |
| 4:59 | Create | Villager (Male) |
| 4:59 | Create | Villager (Male) |
| 4:59 | Create | Villager (Male) |
| 5:00 | Create | Villager (Male) |
| 5:00 | Create | Villager (Male) |
| 5:00 | Create | Villager (Male) |
| 5:00 | Create | Villager (Male) |
| 5:00 | Create | Villager (Male) |
| 5:01 | Create | Villager (Male) |
| 5:01 | Create | Villager (Male) |
| 5:01 | Create | Villager (Male) |
| 5:01 | Create | Villager (Male) |
| 5:01 | Create | Villager (Male) |
| 5:02 | Create | Villager (Male) |
| 5:02 | Create | Villager (Male) |
| 5:02 | Create | Villager (Male) |
| 5:02 | Create | Villager (Male) |
| 5:02 | Create | Villager (Male) |
| 5:02 | Create | Villager (Male) |
| 5:03 | Create | Villager (Male) |
| 5:03 | Create | Villager (Male) |
| 5:03 | Create | Villager (Male) |
| 5:03 | Create | Villager (Male) |
| 5:04 | Create | Villager (Male) |
| 5:04 | Create | Villager (Male) |
| 5:04 | Create | Villager (Male) |
| 5:04 | Create | Villager (Male) |
| 5:04 | Create | Villager (Male) |
| 5:05 | Create | Villager (Male) |
| 5:05 | Create | Villager (Male) |
| 5:05 | Create | Villager (Male) |
| 5:05 | Create | Villager (Male) |
| 5:05 | Create | Villager (Male) |
| 5:06 | Create | Villager (Male) |
| 5:06 | Create | Villager (Male) |
| 5:06 | Create | Villager (Male) |
| 5:06 | Create | Villager (Male) |
| 5:06 | Create | Villager (Male) |
| 5:06 | Create | Villager (Male) |
Build order — Poseidon
First 150 of 823 actions detected
| 0:21 | Build | Market |
| 0:25 | Build | Market |
| 0:33 | Build | Market |
| 0:38 | Build | Market |
| 0:44 | Build | Market |
| 0:46 | Build | Market |
| 0:48 | Build | Market |
| 1:02 | Build | Market |
| 1:22 | Build | Town Center |
| 1:24 | Build | Town Center |
| 1:26 | Build | Town Center |
| 1:29 | Build | Town Center |
| 1:32 | Build | Town Center |
| 1:36 | Build | Town Center |
| 1:42 | Build | Town Center |
| 1:46 | Build | Town Center |
| 2:05 | Build | House |
| 2:07 | Build | House |
| 2:09 | Build | House |
| 2:12 | Build | House |
| 2:14 | Build | House |
| 2:18 | Build | House |
| 2:20 | Build | House |
| 2:22 | Build | House |
| 2:23 | Build | House |
| 2:25 | Build | House |
| 2:27 | Build | House |
| 2:31 | Build | House |
| 2:33 | Build | House |
| 2:35 | Build | House |
| 2:38 | Build | House |
| 2:39 | Build | House |
| 2:41 | Build | House |
| 2:43 | Build | House |
| 2:48 | Build | House |
| 2:51 | Build | House |
| 2:53 | Build | House |
| 2:56 | Build | House |
| 2:59 | Build | House |
| 3:02 | Build | House |
| 3:04 | Build | House |
| 3:06 | Build | House |
| 3:08 | Build | House |
| 3:09 | Build | House |
| 3:11 | Build | House |
| 3:14 | Build | House |
| 3:18 | Build | House |
| 3:20 | Build | House |
| 3:23 | Build | House |
| 3:51 | Create | Trade Cart ×5 |
| 3:52 | Create | Trade Cart ×5 |
| 3:52 | Create | Trade Cart ×5 |
| 3:52 | Create | Trade Cart ×5 |
| 3:53 | Create | Trade Cart ×5 |
| 3:53 | Create | Trade Cart ×5 |
| 3:54 | Create | Trade Cart ×5 |
| 3:54 | Create | Trade Cart ×5 |
| 3:55 | Create | Trade Cart ×5 |
| 3:55 | Create | Trade Cart ×5 |
| 3:55 | Create | Trade Cart ×5 |
| 3:56 | Create | Trade Cart ×5 |
| 3:56 | Create | Trade Cart ×5 |
| 3:57 | Create | Trade Cart ×5 |
| 4:01 | Create | Trade Cart ×5 |
| 4:01 | Create | Trade Cart ×5 |
| 4:02 | Create | Trade Cart ×5 |
| 4:02 | Create | Trade Cart ×5 |
| 4:02 | Create | Trade Cart ×5 |
| 4:03 | Create | Trade Cart ×5 |
| 4:03 | Create | Trade Cart ×5 |
| 4:04 | Create | Trade Cart ×5 |
| 4:04 | Create | Trade Cart ×5 |
| 4:04 | Create | Trade Cart ×5 |
| 4:05 | Create | Trade Cart ×5 |
| 4:17 | Build | Lumber Camp |
| 4:40 | Create | Villager (Male) ×5 |
| 4:40 | Create | Villager (Male) ×5 |
| 4:40 | Create | Villager (Male) ×5 |
| 4:41 | Create | Villager (Male) ×5 |
| 4:43 | Create | Villager (Male) ×5 |
| 4:43 | Create | Villager (Male) ×5 |
| 4:44 | Create | Villager (Male) ×5 |
| 4:44 | Create | Villager (Male) ×5 |
| 5:12 | Build | Farm |
| 5:16 | Build | Farm |
| 5:19 | Create | Villager (Male) ×5 |
| 5:32 | Build | Farm |
| 5:35 | Build | Farm |
| 5:39 | Create | Villager (Male) ×5 |
| 5:44 | Build | Farm |
| 5:49 | Build | Farm |
| 6:14 | Build | Mining Camp |
| 6:24 | Build | Monastery |
| 7:01 | Build | Stone Wall |
| 7:18 | Build | Stone Wall |
| 7:31 | Build | Farm |
| 7:45 | Build | Gate |
| 7:51 | Build | Gate |
| 7:55 | Build | Gate |
| 8:00 | Build | Gate |
| 8:06 | Build | Gate |
| 8:19 | Build | Gate |
| 8:22 | Build | Gate |
| 8:27 | Build | Gate |
| 8:31 | Build | Gate |
| 8:41 | Create | Monk |
| 8:56 | Build | Farm |
| 8:58 | Build | Farm |
| 8:59 | Build | Farm |
| 9:08 | Build | Farm |
| 9:10 | Build | Farm |
| 9:46 | Build | House |
| 9:48 | Build | House |
| 9:50 | Build | House |
| 9:51 | Build | House |
| 9:53 | Build | House |
| 9:55 | Build | House |
| 9:57 | Build | House |
| 10:00 | Build | House |
| 10:04 | Build | House |
| 10:05 | Build | House |
| 10:07 | Build | House |
| 10:09 | Build | House |
| 10:10 | Build | House |
| 10:14 | Build | House |
| 10:17 | Build | House |
| 10:53 | Build | Farm |
| 10:54 | Build | Farm |
| 10:56 | Build | Farm |
| 11:01 | Create | Villager (Male) ×5 |
| 11:15 | Create | Villager (Male) ×5 |
| 11:41 | Build | Town Center |
| 11:45 | Build | Town Center |
| 11:48 | Build | Town Center |
| 11:51 | Build | Town Center |
| 11:55 | Build | Town Center |
| 12:39 | Build | Farm |
| 12:40 | Build | Farm |
| 12:47 | Build | Farm |
| 12:56 | Build | Lumber Camp |
| 13:09 | Create | Villager (Male) ×5 |
| 13:09 | Create | Villager (Male) ×5 |
| 13:37 | Create | Villager (Male) ×5 |
| 13:38 | Create | Villager (Male) ×5 |
| 13:38 | Create | Villager (Male) ×5 |
| 13:55 | Build | Farm |
| 13:56 | Build | Farm |
| 13:58 | Build | Farm |
| 14:00 | Build | Farm |
| 14:12 | Build | Farm |
Build order — Thor
First 150 of 1258 actions detected
| 0:06 | Create | Villager (Male) ×5 |
| 0:07 | Create | Villager (Male) ×5 |
| 0:07 | Create | Villager (Male) ×5 |
| 0:08 | Create | Villager (Male) ×5 |
| 0:24 | Build | Market |
| 0:25 | Build | Market |
| 0:25 | Build | Market |
| 0:25 | Build | Market |
| 0:26 | Build | Market |
| 0:26 | Build | Market |
| 0:26 | Build | Market |
| 0:27 | Build | Market |
| 0:27 | Build | Market |
| 0:27 | Build | Market |
| 0:30 | Build | Market |
| 0:30 | Build | Market |
| 0:31 | Build | Market |
| 0:31 | Build | Market |
| 0:32 | Build | Market |
| 0:32 | Build | Market |
| 0:32 | Build | Market |
| 0:33 | Build | Market |
| 0:33 | Build | Market |
| 0:33 | Build | Market |
| 0:36 | Build | Market |
| 0:36 | Build | Market |
| 0:36 | Build | Market |
| 0:37 | Build | Market |
| 0:37 | Build | Market |
| 0:37 | Build | Market |
| 0:38 | Build | Market |
| 0:38 | Build | Market |
| 0:39 | Build | Market |
| 0:40 | Build | Market |
| 0:40 | Build | Market |
| 0:41 | Build | Market |
| 0:41 | Build | Market |
| 0:41 | Build | Market |
| 1:08 | Build | Town Center |
| 1:08 | Build | Town Center |
| 1:09 | Build | Town Center |
| 1:09 | Build | Town Center |
| 1:10 | Build | Town Center |
| 1:10 | Build | Town Center |
| 1:11 | Build | Town Center |
| 1:11 | Build | Town Center |
| 1:12 | Build | Town Center |
| 1:14 | Build | Town Center |
| 1:15 | Build | Town Center |
| 1:17 | Build | Town Center |
| 1:17 | Build | Town Center |
| 1:17 | Build | Town Center |
| 1:18 | Build | Town Center |
| 1:18 | Build | Town Center |
| 1:19 | Build | Town Center |
| 1:19 | Build | Town Center |
| 1:19 | Build | Town Center |
| 1:38 | Build | House |
| 1:39 | Build | House |
| 1:39 | Build | House |
| 1:39 | Build | House |
| 1:40 | Build | House |
| 1:40 | Build | House |
| 1:40 | Build | House |
| 1:41 | Build | House |
| 1:42 | Build | House |
| 1:42 | Build | House |
| 1:42 | Build | House |
| 1:43 | Build | House |
| 1:43 | Build | House |
| 1:44 | Build | House |
| 1:45 | Build | House |
| 1:46 | Build | House |
| 1:46 | Build | House |
| 1:47 | Build | House |
| 1:48 | Build | House |
| 1:48 | Build | House |
| 1:48 | Build | House |
| 1:49 | Build | House |
| 1:49 | Build | House |
| 1:49 | Build | House |
| 1:50 | Build | House |
| 1:50 | Build | House |
| 1:50 | Build | House |
| 1:51 | Build | House |
| 1:51 | Build | House |
| 1:52 | Build | House |
| 1:52 | Build | House |
| 1:52 | Build | House |
| 1:53 | Build | House |
| 1:53 | Build | House |
| 1:53 | Build | House |
| 1:54 | Build | House |
| 1:55 | Build | House |
| 1:55 | Build | House |
| 1:55 | Build | House |
| 1:56 | Build | House |
| 1:56 | Build | House |
| 1:58 | Build | House |
| 1:58 | Build | House |
| 1:58 | Build | House |
| 1:59 | Build | House |
| 1:59 | Build | House |
| 2:00 | Build | House |
| 2:00 | Build | House |
| 2:03 | Build | House |
| 2:03 | Build | House |
| 2:04 | Build | House |
| 2:04 | Build | House |
| 2:04 | Build | House |
| 2:05 | Build | House |
| 2:05 | Build | House |
| 2:06 | Build | House |
| 2:06 | Build | House |
| 2:07 | Build | House |
| 2:07 | Build | House |
| 2:08 | Build | House |
| 2:09 | Build | House |
| 2:10 | Build | House |
| 2:10 | Build | House |
| 2:10 | Build | House |
| 2:12 | Build | House |
| 2:12 | Build | House |
| 2:13 | Build | House |
| 2:13 | Build | House |
| 2:15 | Build | House |
| 2:15 | Build | House |
| 2:18 | Build | House |
| 2:19 | Build | House |
| 2:19 | Build | House |
| 2:19 | Build | House |
| 2:20 | Build | House |
| 2:20 | Build | House |
| 2:21 | Build | House |
| 2:21 | Build | House |
| 2:22 | Build | House |
| 2:22 | Build | House |
| 2:22 | Build | House |
| 2:23 | Build | House |
| 2:24 | Build | House |
| 2:24 | Build | House |
| 2:25 | Build | House |
| 2:26 | Build | House |
| 2:26 | Build | House |
| 2:26 | Build | House |
| 2:28 | Build | House |
| 2:28 | Build | House |
| 2:28 | Build | House |
| 2:30 | Build | House |
| 2:31 | Build | House |
Build order — MastermindCentaur
First 150 of 850 actions detected
| 0:06 | Create | Villager (Male) ×5 |
| 0:06 | Create | Villager (Male) ×5 |
| 0:07 | Create | Villager (Male) ×5 |
| 0:07 | Create | Villager (Male) ×5 |
| 0:17 | Build | Town Center |
| 0:27 | Build | Town Center |
| 0:43 | Build | Town Center |
| 1:03 | Build | Town Center |
| 1:28 | Build | Market |
| 1:31 | Build | Market |
| 1:35 | Build | Market |
| 1:41 | Build | Market |
| 1:58 | Create | Villager (Male) ×5 |
| 1:58 | Create | Villager (Male) ×5 |
| 1:59 | Create | Villager (Male) ×5 |
| 1:59 | Create | Villager (Male) ×5 |
| 1:59 | Create | Villager (Male) ×5 |
| 1:59 | Create | Villager (Male) ×5 |
| 2:07 | Create | Villager (Male) ×5 |
| 2:07 | Create | Villager (Male) ×5 |
| 2:07 | Create | Villager (Male) ×5 |
| 2:08 | Create | Villager (Male) ×5 |
| 2:08 | Create | Villager (Male) ×5 |
| 2:08 | Create | Villager (Male) ×5 |
| 2:21 | Create | Villager (Male) ×5 |
| 2:22 | Create | Villager (Male) ×5 |
| 2:22 | Create | Villager (Male) ×5 |
| 2:22 | Create | Villager (Male) ×5 |
| 2:23 | Create | Villager (Male) ×5 |
| 2:34 | Create | Villager (Male) ×5 |
| 2:34 | Create | Villager (Male) ×5 |
| 2:35 | Create | Villager (Male) ×5 |
| 2:35 | Create | Villager (Male) ×5 |
| 2:35 | Create | Villager (Male) ×5 |
| 3:48 | Build | Town Center |
| 3:52 | Build | Town Center |
| 3:55 | Build | Town Center |
| 3:59 | Build | Town Center |
| 4:02 | Build | Town Center |
| 4:09 | Build | Town Center |
| 4:12 | Build | Town Center |
| 4:17 | Build | Town Center |
| 4:20 | Build | Town Center |
| 4:25 | Build | Town Center |
| 4:28 | Build | Town Center |
| 4:54 | Build | House |
| 4:56 | Build | House |
| 4:57 | Build | House |
| 4:59 | Build | House |
| 5:02 | Build | House |
| 5:04 | Build | House |
| 5:06 | Build | House |
| 5:07 | Build | House |
| 5:10 | Build | House |
| 5:13 | Build | House |
| 5:14 | Build | House |
| 5:16 | Build | House |
| 5:17 | Build | House |
| 5:19 | Build | House |
| 5:21 | Build | House |
| 5:23 | Build | House |
| 5:27 | Build | House |
| 5:28 | Build | House |
| 5:30 | Build | House |
| 5:32 | Build | House |
| 5:34 | Build | House |
| 5:36 | Build | House |
| 5:38 | Build | House |
| 5:39 | Build | House |
| 5:41 | Build | House |
| 5:43 | Build | House |
| 5:44 | Build | House |
| 5:46 | Build | House |
| 5:49 | Build | House |
| 5:51 | Build | House |
| 5:52 | Build | House |
| 5:54 | Build | House |
| 5:56 | Build | House |
| 5:57 | Build | House |
| 5:59 | Build | House |
| 6:02 | Build | House |
| 6:04 | Build | House |
| 6:06 | Build | House |
| 6:08 | Build | House |
| 6:09 | Build | House |
| 6:11 | Build | House |
| 6:13 | Build | House |
| 6:15 | Build | House |
| 6:17 | Build | House |
| 6:18 | Build | House |
| 6:20 | Build | House |
| 6:21 | Build | House |
| 6:23 | Build | House |
| 7:08 | Create | Villager (Male) ×5 |
| 7:08 | Create | Villager (Male) ×5 |
| 7:08 | Create | Villager (Male) ×5 |
| 7:09 | Create | Villager (Male) ×2 |
| 7:19 | Create | Villager (Male) ×5 |
| 7:20 | Create | Villager (Male) ×5 |
| 7:20 | Create | Villager (Male) ×5 |
| 7:20 | Create | Villager (Male) ×3 |
| 8:03 | Build | Stone Wall |
| 8:31 | Build | Stone Wall |
| 8:39 | Build | Stone Wall |
| 8:52 | Build | Gate |
| 8:54 | Build | Gate |
| 8:58 | Build | Gate |
| 9:01 | Build | Gate |
| 9:04 | Build | Gate |
| 9:12 | Build | Gate |
| 9:15 | Build | Gate |
| 9:19 | Build | Gate |
| 9:24 | Build | Gate |
| 9:28 | Build | Gate |
| 9:53 | Build | Lumber Camp |
| 10:06 | Create | Villager (Male) ×5 |
| 10:06 | Create | Villager (Male) ×5 |
| 10:07 | Create | Villager (Male) ×5 |
| 10:07 | Create | Villager (Male) ×5 |
| 10:07 | Create | Villager (Male) ×5 |
| 10:23 | Build | Lumber Camp |
| 10:37 | Build | Lumber Camp |
| 10:57 | Create | Trade Cart ×5 |
| 10:58 | Create | Trade Cart ×5 |
| 10:58 | Create | Trade Cart ×5 |
| 10:59 | Create | Trade Cart ×5 |
| 10:59 | Create | Trade Cart ×5 |
| 10:59 | Create | Trade Cart ×5 |
| 10:59 | Create | Trade Cart ×5 |
| 11:00 | Create | Trade Cart ×5 |
| 11:00 | Create | Trade Cart ×5 |
| 11:00 | Create | Trade Cart ×5 |
| 11:01 | Create | Trade Cart ×5 |
| 11:01 | Create | Trade Cart ×5 |
| 11:01 | Create | Trade Cart ×5 |
| 11:02 | Create | Trade Cart ×5 |
| 11:26 | Build | Castle |
| 11:31 | Build | Castle |
| 11:41 | Build | Castle |
| 11:48 | Build | Castle |
| 11:58 | Build | Castle |
| 12:01 | Build | Castle |
| 12:08 | Build | Castle |
| 12:11 | Build | Castle |
| 12:21 | Build | Castle |
| 12:34 | Create | Villager (Male) ×5 |
| 12:34 | Create | Villager (Male) ×5 |
| 12:34 | Create | Villager (Male) ×5 |
| 12:35 | Create | Villager (Male) ×5 |
| 12:35 | Create | Villager (Male) ×5 |
Build order — ZZ|Gabriel
First 150 of 2220 actions detected
| 0:01 | Create | Villager (Male) |
| 0:01 | Create | Villager (Male) |
| 0:01 | Create | Villager (Male) |
| 0:02 | Create | Villager (Male) |
| 0:02 | Create | Villager (Male) |
| 0:02 | Create | Villager (Male) |
| 0:06 | Build | Lumber Camp |
| 0:19 | Build | Castle |
| 0:21 | Create | Villager (Male) |
| 0:22 | Create | Villager (Male) |
| 0:22 | Create | Villager (Male) |
| 0:25 | Build | Town Center |
| 0:35 | Build | Monastery |
| 0:37 | Create | Villager (Male) |
| 0:37 | Create | Villager (Male) |
| 0:38 | Build | Farm |
| 0:54 | Create | Villager (Male) |
| 0:54 | Create | Villager (Male) |
| 1:01 | Build | Castle |
| 1:04 | Build | Castle |
| 1:07 | Create | Monk |
| 1:12 | Create | Monk |
| 1:21 | Build | Town Center |
| 1:23 | Create | Villager (Male) |
| 1:23 | Create | Villager (Male) |
| 1:23 | Create | Villager (Male) |
| 1:23 | Create | Villager (Male) |
| 1:24 | Create | Villager (Male) |
| 1:28 | Build | House |
| 1:29 | Build | House |
| 1:29 | Build | House |
| 1:29 | Build | House |
| 1:30 | Build | House |
| 1:31 | Build | House |
| 1:31 | Build | House |
| 1:31 | Build | House |
| 1:37 | Build | House |
| 1:40 | Build | House |
| 1:41 | Build | House |
| 1:42 | Build | House |
| 1:42 | Build | House |
| 1:42 | Build | House |
| 1:43 | Build | House |
| 1:43 | Build | House |
| 1:59 | Create | Monk |
| 2:04 | Create | Villager (Male) |
| 2:04 | Create | Villager (Male) |
| 2:05 | Create | Villager (Male) |
| 2:07 | Build | Farm |
| 2:10 | Build | Farm |
| 2:12 | Build | Farm |
| 2:14 | Build | Farm |
| 2:29 | Build | Farm |
| 2:30 | Build | Farm |
| 2:39 | Build | Farm |
| 2:40 | Create | Villager (Male) |
| 2:42 | Create | Villager (Male) |
| 2:43 | Create | Villager (Male) |
| 2:43 | Create | Villager (Male) |
| 2:43 | Create | Villager (Male) |
| 2:44 | Create | Villager (Male) |
| 2:44 | Create | Villager (Male) |
| 2:49 | Build | Town Center |
| 2:53 | Create | Villager (Male) |
| 2:53 | Create | Villager (Male) |
| 2:54 | Create | Villager (Male) |
| 2:55 | Build | Farm |
| 2:56 | Create | Villager (Male) |
| 2:56 | Create | Villager (Male) |
| 3:05 | Create | War Elephant |
| 3:06 | Create | War Elephant |
| 3:06 | Create | War Elephant |
| 3:06 | Create | War Elephant |
| 3:06 | Create | War Elephant |
| 3:07 | Create | War Elephant |
| 3:10 | Build | Farm |
| 3:25 | Build | House |
| 3:26 | Build | House |
| 3:26 | Build | House |
| 3:27 | Build | House |
| 3:27 | Build | House |
| 3:29 | Build | House |
| 3:30 | Build | House |
| 3:30 | Build | House |
| 3:30 | Build | House |
| 3:31 | Build | House |
| 3:31 | Build | House |
| 3:34 | Build | Farm |
| 3:40 | Build | Farm |
| 3:41 | Build | Farm |
| 3:42 | Build | Farm |
| 3:44 | Create | Villager (Male) |
| 3:44 | Create | Villager (Male) |
| 3:45 | Create | Villager (Male) |
| 3:45 | Create | Villager (Male) |
| 3:46 | Create | Villager (Male) |
| 3:46 | Create | Villager (Male) |
| 3:46 | Create | Villager (Male) |
| 3:47 | Build | Farm |
| 3:48 | Build | Farm |
| 3:50 | Create | Villager (Male) |
| 3:51 | Create | Villager (Male) |
| 3:51 | Create | Villager (Male) |
| 3:51 | Create | Villager (Male) |
| 3:51 | Create | Villager (Male) |
| 3:52 | Create | Villager (Male) |
| 3:52 | Create | Villager (Male) |
| 3:52 | Create | Villager (Male) |
| 3:54 | Build | Lumber Camp |
| 4:05 | Create | Villager (Male) |
| 4:05 | Create | Villager (Male) |
| 4:07 | Build | Farm |
| 4:09 | Build | Farm |
| 4:11 | Create | Villager (Male) |
| 4:13 | Create | Villager (Male) |
| 4:14 | Build | Farm |
| 4:15 | Build | Farm |
| 4:18 | Create | War Elephant |
| 4:18 | Create | War Elephant |
| 4:18 | Create | War Elephant |
| 4:19 | Create | War Elephant |
| 4:19 | Create | War Elephant |
| 4:19 | Create | War Elephant |
| 4:21 | Create | War Elephant |
| 4:21 | Create | War Elephant |
| 4:21 | Create | War Elephant |
| 4:22 | Create | War Elephant |
| 4:24 | Create | Villager (Male) |
| 4:25 | Create | Villager (Male) |
| 4:27 | Build | Farm |
| 4:28 | Build | Farm |
| 4:29 | Create | Villager (Male) |
| 4:29 | Create | Villager (Male) |
| 4:31 | Create | Villager (Male) |
| 4:32 | Build | Farm |
| 4:33 | Create | Villager (Male) |
| 4:46 | Build | Market |
| 4:48 | Build | Market |
| 4:49 | Build | Market |
| 4:56 | Create | Villager (Male) |
| 4:56 | Create | Villager (Male) |
| 4:57 | Create | Villager (Male) |
| 4:57 | Create | Villager (Male) |
| 4:59 | Create | Villager (Male) |
| 5:00 | Create | Villager (Male) |
| 5:01 | Build | Farm |
| 5:06 | Build | Farm |
| 5:07 | Build | Farm |
| 5:08 | Create | Villager (Male) |
| 5:09 | Create | Villager (Male) |
Build order — soldierofataturk
First 150 of 1410 actions detected
| 0:14 | Create | Villager (Male) |
| 0:15 | Create | Villager (Male) |
| 0:15 | Create | Villager (Male) |
| 0:15 | Create | Villager (Male) |
| 0:19 | Create | Villager (Male) ×5 |
| 0:20 | Create | Villager (Male) ×5 |
| 0:20 | Create | Villager (Male) ×5 |
| 0:20 | Create | Villager (Male) |
| 0:21 | Create | Villager (Male) |
| 0:32 | Build | Town Center |
| 0:50 | Build | House |
| 0:51 | Build | House |
| 0:51 | Build | House |
| 0:51 | Build | House |
| 0:52 | Build | House |
| 0:53 | Build | House |
| 0:54 | Build | House |
| 0:54 | Build | House |
| 0:54 | Build | House |
| 1:03 | Create | Villager (Male) ×5 |
| 1:03 | Create | Villager (Male) ×5 |
| 1:04 | Create | Villager (Male) ×5 |
| 1:04 | Create | Villager (Male) ×5 |
| 1:20 | Build | Farm |
| 1:35 | Build | Farm |
| 1:56 | Build | Market |
| 1:59 | Build | Market |
| 2:02 | Build | Market |
| 2:16 | Build | House |
| 2:17 | Build | House |
| 2:17 | Build | House |
| 2:18 | Build | House |
| 2:18 | Build | House |
| 2:19 | Build | House |
| 2:19 | Build | House |
| 2:20 | Build | House |
| 2:20 | Build | House |
| 2:20 | Build | House |
| 2:21 | Build | House |
| 2:21 | Build | House |
| 2:21 | Build | House |
| 2:22 | Build | House |
| 2:22 | Build | House |
| 2:25 | Build | House |
| 2:36 | Build | Farm |
| 2:37 | Build | Farm |
| 2:49 | Build | Farm |
| 2:52 | Create | Villager (Male) ×5 |
| 2:52 | Create | Villager (Male) ×5 |
| 3:16 | Build | Farm |
| 3:30 | Build | Mining Camp |
| 3:41 | Build | Farm |
| 4:15 | Build | Barracks |
| 4:16 | Build | Barracks |
| 4:17 | Build | Barracks |
| 4:18 | Build | Barracks |
| 4:18 | Build | Barracks |
| 4:18 | Build | Barracks |
| 4:19 | Build | Barracks |
| 4:19 | Build | Barracks |
| 4:21 | Build | Barracks |
| 4:21 | Build | Barracks |
| 4:23 | Build | Barracks |
| 4:23 | Build | Barracks |
| 4:23 | Build | Barracks |
| 4:34 | Create | Villager (Male) ×4 |
| 4:34 | Create | Villager (Male) ×4 |
| 4:57 | Build | Town Center |
| 5:20 | Create | Trade Cart ×5 |
| 5:21 | Create | Trade Cart ×5 |
| 5:21 | Create | Trade Cart ×5 |
| 5:21 | Create | Trade Cart ×5 |
| 5:22 | Create | Trade Cart ×5 |
| 5:22 | Create | Trade Cart ×5 |
| 5:22 | Create | Trade Cart ×5 |
| 5:23 | Create | Trade Cart ×5 |
| 5:23 | Create | Trade Cart ×5 |
| 5:23 | Create | Trade Cart ×5 |
| 5:24 | Create | Trade Cart ×5 |
| 5:32 | Build | House |
| 5:33 | Build | House |
| 5:33 | Build | House |
| 5:49 | Create | Villager (Male) ×5 |
| 5:50 | Create | Villager (Male) ×5 |
| 5:50 | Create | Villager (Male) ×5 |
| 6:03 | Build | Barracks |
| 6:03 | Build | Barracks |
| 6:03 | Build | Barracks |
| 6:04 | Build | Barracks |
| 6:04 | Build | Barracks |
| 6:05 | Build | Barracks |
| 6:06 | Build | Barracks |
| 6:06 | Build | Barracks |
| 6:06 | Build | Barracks |
| 6:10 | Build | Barracks |
| 6:12 | Build | Barracks |
| 6:48 | Build | Farm |
| 6:50 | Build | Farm |
| 6:54 | Build | Farm |
| 6:57 | Build | Farm |
| 6:59 | Build | Farm |
| 7:06 | Build | Farm |
| 7:12 | Create | Villager (Male) ×5 |
| 7:12 | Create | Villager (Male) ×5 |
| 7:12 | Create | Villager (Male) ×5 |
| 7:13 | Create | Villager (Male) ×5 |
| 7:13 | Create | Villager (Male) ×5 |
| 7:21 | Create | Villager (Male) ×4 |
| 7:21 | Create | Villager (Male) ×4 |
| 7:46 | Build | Castle |
| 7:53 | Build | Castle |
| 7:56 | Build | Castle |
| 7:59 | Build | Castle |
| 8:04 | Build | Castle |
| 8:08 | Build | Castle |
| 8:14 | Build | Castle |
| 8:17 | Build | Castle |
| 8:22 | Build | Castle |
| 8:28 | Build | Castle |
| 8:46 | Build | Outpost |
| 8:48 | Build | Outpost |
| 8:52 | Build | Outpost |
| 8:56 | Build | Outpost |
| 9:00 | Build | Outpost |
| 9:02 | Build | Outpost |
| 9:06 | Build | Outpost |
| 9:09 | Build | Outpost |
| 9:11 | Build | Outpost |
| 9:14 | Build | Outpost |
| 9:16 | Build | Outpost |
| 9:29 | Build | Mill |
| 9:35 | Build | House |
| 9:35 | Build | House |
| 9:36 | Build | House |
| 9:36 | Build | House |
| 9:37 | Build | House |
| 9:37 | Build | House |
| 9:37 | Build | House |
| 9:43 | Build | House |
| 9:52 | Build | Mining Camp |
| 10:04 | Build | Farm |
| 10:05 | Build | Farm |
| 10:06 | Build | Farm |
| 10:08 | Build | Farm |
| 10:10 | Build | Farm |
| 10:11 | Build | Farm |
| 10:23 | Build | Farm |
| 10:24 | Build | Farm |
| 10:44 | Build | Market |
| 11:01 | Create | Villager (Male) ×5 |
Build order — StrongestPhonker
First 150 of 2149 actions detected
| 0:11 | Build | Castle |
| 0:19 | Build | Town Center |
| 0:26 | Build | Town Center |
| 0:28 | Create | Villager (Male) |
| 0:28 | Create | Villager (Male) |
| 0:29 | Create | Villager (Male) |
| 0:29 | Create | Villager (Male) |
| 0:29 | Create | Villager (Male) |
| 0:29 | Create | Villager (Male) |
| 0:30 | Create | Villager (Male) |
| 0:30 | Create | Villager (Male) |
| 0:30 | Create | Villager (Male) |
| 0:31 | Create | Villager (Male) |
| 0:31 | Create | Villager (Male) |
| 0:32 | Create | Villager (Male) |
| 0:32 | Create | Villager (Male) |
| 0:32 | Create | Villager (Male) |
| 0:51 | Build | Town Center |
| 1:11 | Build | Town Center |
| 1:25 | Build | Town Center |
| 1:35 | Build | Town Center |
| 1:39 | Create | Villager (Male) |
| 1:39 | Create | Villager (Male) |
| 1:39 | Create | Villager (Male) |
| 1:40 | Create | Villager (Male) |
| 1:41 | Create | Villager (Male) |
| 1:41 | Create | Villager (Male) |
| 1:41 | Create | Villager (Male) |
| 1:42 | Create | Villager (Male) |
| 1:42 | Create | Villager (Male) |
| 1:42 | Create | Villager (Male) |
| 1:42 | Create | Villager (Male) |
| 1:43 | Create | Villager (Male) |
| 1:43 | Create | Villager (Male) |
| 1:43 | Create | Villager (Male) |
| 1:43 | Create | Villager (Male) |
| 1:44 | Create | Villager (Male) |
| 1:44 | Create | Villager (Male) |
| 1:44 | Create | Villager (Male) |
| 1:45 | Create | Villager (Male) |
| 1:45 | Create | Villager (Male) |
| 1:45 | Create | Villager (Male) |
| 1:45 | Create | Villager (Male) |
| 1:45 | Create | Villager (Male) |
| 1:56 | Create | Villager (Male) |
| 1:56 | Create | Villager (Male) |
| 1:56 | Create | Villager (Male) |
| 1:56 | Create | Villager (Male) |
| 1:57 | Create | Villager (Male) |
| 1:57 | Create | Villager (Male) |
| 1:57 | Create | Villager (Male) |
| 1:57 | Create | Villager (Male) |
| 1:57 | Create | Villager (Male) |
| 1:57 | Create | Villager (Male) |
| 1:57 | Create | Villager (Male) |
| 1:58 | Create | Villager (Male) |
| 1:58 | Create | Villager (Male) |
| 1:58 | Create | Villager (Male) |
| 1:58 | Create | Villager (Male) |
| 1:58 | Create | Villager (Male) |
| 1:58 | Create | Villager (Male) |
| 1:59 | Create | Villager (Male) |
| 2:24 | Build | Market |
| 2:29 | Build | Market |
| 2:36 | Build | Market |
| 2:41 | Build | Market |
| 2:58 | Build | Market |
| 3:17 | Build | Town Center |
| 3:28 | Build | Town Center |
| 3:39 | Create | Villager (Male) |
| 3:40 | Create | Villager (Male) |
| 3:40 | Create | Villager (Male) |
| 3:40 | Create | Villager (Male) |
| 3:41 | Create | Villager (Male) |
| 3:41 | Create | Villager (Male) |
| 3:41 | Create | Villager (Male) |
| 3:41 | Create | Villager (Male) |
| 3:41 | Create | Villager (Male) |
| 3:42 | Create | Villager (Male) |
| 3:42 | Create | Villager (Male) |
| 3:42 | Create | Villager (Male) |
| 3:43 | Create | Villager (Male) |
| 3:43 | Create | Villager (Male) |
| 3:43 | Create | Villager (Male) |
| 3:43 | Create | Villager (Male) |
| 4:07 | Create | Villager (Male) |
| 4:07 | Create | Villager (Male) |
| 4:08 | Create | Villager (Male) |
| 4:08 | Create | Villager (Male) |
| 4:08 | Create | Villager (Male) |
| 4:08 | Create | Villager (Male) |
| 4:09 | Create | Villager (Male) |
| 4:09 | Create | Villager (Male) |
| 4:09 | Create | Villager (Male) |
| 4:09 | Create | Villager (Male) |
| 4:09 | Create | Villager (Male) |
| 4:09 | Create | Villager (Male) |
| 4:10 | Create | Villager (Male) |
| 4:10 | Create | Villager (Male) |
| 4:10 | Create | Villager (Male) |
| 4:10 | Create | Villager (Male) |
| 4:10 | Create | Villager (Male) |
| 4:10 | Create | Villager (Male) |
| 4:20 | Build | Castle |
| 4:31 | Build | Castle |
| 4:35 | Build | Castle |
| 4:42 | Build | Gate |
| 4:50 | Build | Castle |
| 4:57 | Build | Castle |
| 5:00 | Build | Castle |
| 5:03 | Build | Castle |
| 5:28 | Build | Monastery |
| 5:39 | Create | Villager (Male) |
| 5:39 | Create | Villager (Male) |
| 5:40 | Create | Villager (Male) |
| 5:40 | Create | Villager (Male) |
| 5:40 | Create | Villager (Male) |
| 5:40 | Create | Villager (Male) |
| 5:41 | Create | Villager (Male) |
| 5:41 | Create | Villager (Male) |
| 5:41 | Create | Villager (Male) |
| 5:41 | Create | Villager (Male) |
| 5:42 | Create | Villager (Male) |
| 5:42 | Create | Villager (Male) |
| 5:42 | Create | Villager (Male) |
| 5:42 | Create | Villager (Male) |
| 5:42 | Create | Villager (Male) |
| 5:43 | Create | Villager (Male) |
| 5:43 | Create | Villager (Male) |
| 5:43 | Create | Villager (Male) |
| 5:43 | Create | Villager (Male) |
| 6:04 | Build | Town Center |
| 6:15 | Build | Town Center |
| 6:28 | Create | Villager (Male) |
| 6:29 | Create | Villager (Male) |
| 6:29 | Create | Villager (Male) |
| 6:29 | Create | Villager (Male) |
| 6:29 | Create | Villager (Male) |
| 6:30 | Create | Villager (Male) |
| 6:30 | Create | Villager (Male) |
| 6:30 | Create | Villager (Male) |
| 6:30 | Create | Villager (Male) |
| 6:31 | Create | Villager (Male) |
| 6:31 | Create | Villager (Male) |
| 6:31 | Create | Villager (Male) |
| 6:31 | Create | Villager (Male) |
| 6:31 | Create | Villager (Male) |
| 6:31 | Create | Villager (Male) |
| 6:32 | Create | Villager (Male) |
| 6:32 | Create | Villager (Male) |
Build order — f0ckin lili
First 150 of 782 actions detected
| 0:09 | Create | Villager (Male) ×5 |
| 0:10 | Create | Villager (Male) ×5 |
| 0:10 | Create | Villager (Male) ×5 |
| 0:10 | Create | Villager (Male) ×5 |
| 0:10 | Create | Villager (Male) ×5 |
| 0:18 | Build | House |
| 0:20 | Build | House |
| 0:21 | Build | House |
| 0:24 | Build | House |
| 0:39 | Build | Town Center |
| 0:44 | Build | Town Center |
| 0:47 | Build | Town Center |
| 1:02 | Build | Lumber Camp |
| 1:31 | Build | Market |
| 1:33 | Build | Market |
| 1:35 | Build | Market |
| 1:38 | Build | Market |
| 1:48 | Create | Villager (Male) ×5 |
| 1:49 | Create | Villager (Male) ×5 |
| 1:49 | Create | Villager (Male) ×5 |
| 1:49 | Create | Villager (Male) ×5 |
| 1:53 | Create | Villager (Male) ×5 |
| 1:53 | Create | Villager (Male) ×5 |
| 1:54 | Create | Villager (Male) ×5 |
| 1:54 | Create | Villager (Male) ×5 |
| 1:54 | Create | Villager (Male) ×5 |
| 2:07 | Build | House |
| 2:09 | Build | House |
| 2:09 | Build | House |
| 2:10 | Build | House |
| 2:10 | Build | House |
| 2:10 | Build | House |
| 2:13 | Build | House |
| 2:14 | Build | House |
| 2:14 | Build | House |
| 2:15 | Build | House |
| 2:15 | Build | House |
| 2:25 | Create | Villager (Male) ×5 |
| 2:25 | Create | Villager (Male) ×5 |
| 2:26 | Create | Villager (Male) ×5 |
| 2:26 | Create | Villager (Male) ×5 |
| 2:26 | Create | Villager (Male) ×5 |
| 2:36 | Build | Town Center |
| 2:48 | Build | Farm |
| 2:48 | Build | Farm |
| 2:48 | Build | Farm |
| 2:49 | Build | Farm |
| 2:49 | Build | Farm |
| 2:49 | Build | Farm |
| 2:49 | Build | Farm |
| 2:50 | Build | Farm |
| 2:51 | Build | Farm |
| 2:51 | Build | Farm |
| 2:51 | Build | Farm |
| 3:15 | Build | House |
| 3:16 | Build | House |
| 3:18 | Build | House |
| 3:18 | Build | House |
| 3:18 | Build | House |
| 3:18 | Build | House |
| 3:19 | Build | House |
| 3:19 | Build | House |
| 3:19 | Build | House |
| 3:22 | Build | House |
| 3:23 | Build | House |
| 3:24 | Build | House |
| 3:24 | Build | House |
| 3:24 | Build | House |
| 3:25 | Build | House |
| 3:26 | Build | House |
| 3:27 | Build | House |
| 3:43 | Create | Trade Cart ×5 |
| 3:43 | Create | Trade Cart ×5 |
| 3:44 | Create | Trade Cart ×5 |
| 3:44 | Create | Trade Cart ×5 |
| 3:44 | Create | Trade Cart ×5 |
| 3:44 | Create | Trade Cart ×5 |
| 3:44 | Create | Trade Cart ×5 |
| 4:53 | Build | Town Center |
| 4:57 | Create | Villager (Male) ×5 |
| 4:57 | Create | Villager (Male) ×5 |
| 4:58 | Create | Villager (Male) ×5 |
| 4:58 | Create | Villager (Male) ×5 |
| 5:15 | Build | Castle |
| 5:17 | Build | Castle |
| 5:20 | Build | Castle |
| 5:22 | Build | Castle |
| 5:36 | Build | Farm |
| 5:36 | Build | Farm |
| 5:36 | Build | Farm |
| 5:37 | Build | Farm |
| 5:37 | Build | Farm |
| 5:37 | Build | Farm |
| 5:38 | Build | Farm |
| 5:38 | Build | Farm |
| 5:38 | Build | Farm |
| 5:38 | Build | Farm |
| 5:39 | Build | Farm |
| 6:15 | Build | Mining Camp |
| 6:28 | Build | Farm |
| 6:28 | Build | Farm |
| 6:29 | Build | Farm |
| 6:40 | Build | Farm |
| 6:49 | Build | Mining Camp |
| 6:53 | Create | Villager (Male) ×5 |
| 6:53 | Create | Villager (Male) ×5 |
| 6:53 | Create | Villager (Male) ×5 |
| 6:53 | Create | Villager (Male) ×5 |
| 7:00 | Build | Farm |
| 7:10 | Create | Villager (Male) ×5 |
| 7:10 | Create | Villager (Male) ×5 |
| 7:10 | Create | Villager (Male) ×5 |
| 7:11 | Create | Villager (Male) ×5 |
| 7:11 | Create | Villager (Male) ×5 |
| 7:29 | Build | Farm |
| 7:35 | Build | Farm |
| 7:42 | Build | Farm |
| 7:58 | Build | Stone Wall |
| 8:03 | Build | Gate |
| 8:12 | Build | Stone Wall |
| 8:30 | Build | Stone Wall |
| 8:40 | Build | Gate |
| 8:53 | Build | Farm |
| 8:53 | Build | Farm |
| 8:54 | Build | Farm |
| 9:06 | Build | Farm |
| 9:14 | Build | Farm |
| 9:14 | Build | Farm |
| 9:14 | Build | Farm |
| 9:14 | Build | Farm |
| 9:15 | Build | Farm |
| 9:15 | Build | Farm |
| 9:36 | Build | Farm |
| 9:49 | Create | Villager (Male) ×5 |
| 9:49 | Create | Villager (Male) ×5 |
| 9:50 | Create | Villager (Male) ×5 |
| 9:50 | Create | Villager (Male) ×5 |
| 9:50 | Create | Villager (Male) ×5 |
| 10:00 | Create | Villager (Male) ×5 |
| 10:00 | Create | Villager (Male) ×5 |
| 10:00 | Create | Villager (Male) ×5 |
| 10:01 | Create | Villager (Male) ×5 |
| 10:01 | Create | Villager (Male) ×5 |
| 10:05 | Create | Villager (Male) ×5 |
| 10:06 | Create | Villager (Male) ×5 |
| 10:06 | Create | Villager (Male) ×5 |
| 10:06 | Create | Villager (Male) ×5 |
| 10:06 | Create | Villager (Male) ×5 |
| 10:26 | Build | Stone Wall |
| 10:31 | Build | Gate |
Match timeline
| 0:11 | StrongestPhonker · first_building Castle |
| 0:19 | ZZ|Gabriel · first_building Castle |
| 0:35 | ZZ|Gabriel · first_building Monastery |
| 3:39 | Layman · first_building Castle |
| 3:49 | Layman · wall_segment Stone Wall x4 |
| 3:52 | Layman · wall_segment Stone Wall x4 |
| 3:54 | Layman · wall_segment Stone Wall x4 |
| 3:57 | Layman · wall_segment Stone Wall x4 |
| 4:15 | soldierofataturk · first_building Barracks |
| 4:20 | Thor · first_building Monastery |
| 5:15 | f0ckin lili · first_building Castle |
| 5:28 | StrongestPhonker · first_building Monastery |
| 6:24 | Poseidon · first_building Monastery |
| 6:38 | Thor · wall_segment Stone Wall x29 |
| 6:45 | Thor · wall_segment Stone Wall x52 |
| 6:53 | Thor · wall_segment Stone Wall x20 |
| 7:01 | Poseidon · wall_segment Stone Wall x64 |
| 7:05 | Thor · wall_segment Stone Wall x16 |
| 7:18 | Poseidon · wall_segment Stone Wall x42 |
| 7:21 | Layman · first_building Siege Workshop |
| 7:46 | soldierofataturk · first_building Castle |
| 7:52 | ZZ|Gabriel · first_building Siege Workshop |
| 7:58 | f0ckin lili · wall_segment Stone Wall x3 |
| 8:03 | MastermindCentaur · wall_segment Stone Wall x41 |
| 8:12 | f0ckin lili · wall_segment Stone Wall x9 |
| 8:30 | f0ckin lili · wall_segment Stone Wall x58 |
| 8:31 | MastermindCentaur · wall_segment Stone Wall x24 |
| 8:39 | MastermindCentaur · wall_segment Stone Wall x14 |
| 9:30 | Layman · first_building Monastery |
| 10:26 | f0ckin lili · wall_segment Stone Wall x43 |
| 10:33 | Thor · first_building Castle |
| 11:13 | StrongestPhonker · wall_segment Stone Wall x8 |
| 11:16 | Layman · wall_segment Stone Wall x4 |
| 11:18 | Layman · wall_segment Stone Wall x4 |
| 11:22 | Layman · wall_segment Stone Wall x4 |
| 11:25 | Layman · wall_segment Stone Wall x4 |
| 11:26 | MastermindCentaur · first_building Castle |
| 12:04 | Thor · first_building Stable |
| 12:12 | f0ckin lili · first_building Siege Workshop |
| 13:35 | Thor · wall_segment Stone Wall x11 |
| 13:42 | Thor · wall_segment Stone Wall x17 |
| 14:06 | ZZ|Gabriel · wall_segment Stone Wall x3 |
| 14:10 | ZZ|Gabriel · wall_segment Stone Wall x19 |
| 14:14 | ZZ|Gabriel · wall_segment Stone Wall x19 |
| 15:08 | StrongestPhonker · first_market_buy 100 stone |
| 15:24 | Poseidon · first_building Castle |
| 15:24 | Thor · wall_segment Stone Wall x17 |
| 15:30 | Thor · wall_segment Stone Wall x9 |
| 15:34 | Thor · wall_segment Stone Wall x20 |
| 15:41 | Thor · wall_segment Stone Wall x19 |
| 15:46 | Thor · wall_segment Stone Wall x33 |
| 15:52 | Thor · wall_segment Stone Wall x16 |
| 15:58 | Thor · wall_segment Stone Wall x30 |
| 16:30 | Layman · wall_segment Stone Wall x26 |
| 16:56 | Thor · first_market_buy 500 stone |
| 17:36 | Layman · wall_segment Stone Wall x8 |
| 18:13 | StrongestPhonker · wall_segment Stone Wall x9 |
| 18:21 | MastermindCentaur · wall_segment Stone Wall x42 |
| 18:40 | MastermindCentaur · wall_segment Stone Wall x30 |
| 18:53 | StrongestPhonker · wall_segment Stone Wall x2 |
| 18:55 | MastermindCentaur · wall_segment Stone Wall x21 |
| 19:09 | StrongestPhonker · wall_segment Stone Wall x17 |
| 19:35 | StrongestPhonker · wall_segment Stone Wall x24 |
| 19:51 | f0ckin lili · wall_segment Stone Wall x40 |
| 20:20 | StrongestPhonker · wall_segment Stone Wall x4 |
| 20:34 | StrongestPhonker · wall_segment Stone Wall x28 |
| 20:52 | Thor · first_building Siege Workshop |
| 21:15 | f0ckin lili · wall_segment Stone Wall x16 |
| 21:27 | Thor · wall_segment Stone Wall x28 |
| 21:28 | StrongestPhonker · first_building Siege Workshop |
| 21:29 | Thor · wall_segment Stone Wall x5 |
| 21:29 | MastermindCentaur · first_market_buy 100 stone |
| 21:37 | Thor · wall_segment Stone Wall x19 |
| 21:40 | f0ckin lili · first_building Barracks |
| 21:50 | StrongestPhonker · first_building Archery Range |
| 22:05 | Layman · wall_segment Stone Wall x13 |
| 22:11 | Layman · wall_segment Stone Wall x11 |
| 22:16 | Layman · wall_segment Stone Wall x31 |
| 22:18 | MastermindCentaur · first_building Barracks |
| 22:29 | Layman · wall_segment Stone Wall x18 |
| 22:33 | Layman · wall_segment Stone Wall x3 |
| 22:54 | Poseidon · first_building Siege Workshop |
| 23:13 | Poseidon · first_building Stable |
| 23:15 | MastermindCentaur · first_building Archery Range |
| 25:30 | Poseidon · first_market_buy 500 stone |
| 26:02 | f0ckin lili · first_building Monastery |
| 26:42 | MastermindCentaur · first_building Siege Workshop |
| 27:04 | Layman · wall_segment Stone Wall x10 |
| 27:05 | Poseidon · first_building Barracks |
| 27:31 | Layman · first_building Stable |
| 32:58 | Layman · first_building Archery Range |
| 43:05 | ZZ|Gabriel · first_building Barracks |
| 43:15 | ZZ|Gabriel · first_building Stable |
| 47:53 | ZZ|Gabriel · first_market_buy 100 stone |
| 48:56 | Layman · wall_segment Stone Wall x1 |
| 51:17 | f0ckin lili · wall_segment Stone Wall x2 |
| 57:47 | MastermindCentaur · wall_segment Stone Wall x12 |
| 64:19 | f0ckin lili · wall_segment Stone Wall x54 |
| 64:31 | f0ckin lili · wall_segment Stone Wall x54 |
| 64:58 | StrongestPhonker · first_market_sell 100 food |
| 67:38 | StrongestPhonker · resign |
| 69:31 | soldierofataturk · first_building Siege Workshop |
| 74:48 | Layman · first_market_buy 100 stone |
| 74:52 | Layman · first_market_sell 100 stone |
| 79:35 | Thor · first_market_sell 500 wood |
| 80:20 | MastermindCentaur · tribute_sent a jugador 1 |
| 80:20 | MastermindCentaur · tribute_sent a jugador 2 |
| 80:20 | MastermindCentaur · tribute_sent a jugador 3 |
| 80:20 | MastermindCentaur · tribute_sent a jugador 5 |
| 80:20 | MastermindCentaur · tribute_sent a jugador 6 |
| 80:20 | MastermindCentaur · tribute_sent a jugador 7 |
| 80:20 | MastermindCentaur · tribute_sent a jugador 8 |
[ AI ANALYSIS · 1 CREDIT ]
What really happened in this match?
Wolo.gg analyzes every decision: build order, eco, micro, common mistakes by bracket. Personalized analysis on WhatsApp or Discord in 30 seconds.
Civ guide
Ethiopians
Perfil
Jugador #613981